 Dungeon Crawl Stone Soup version 0.13-a0-2606-g170388b (webtiles) character file.

222 Kae the Chiller (level 4, -10/24 HPs)
             Began as a Deep Elf Ice Elementalist on Aug 4, 2013.
             Killed by divine providence
             ... invoked by an orc priest
              (11 damage)
             ... on Level 3 of the Dungeon.
             The game lasted 00:03:28 (1570 turns).

Kae the Chiller (Deep Elf Ice Elementalist)         Turns: 1570, Time: 00:03:29

HP -10/24        AC  2     Str  6      XL: 4   Next: 17%
MP   6/12        EV 13     Int 20      God:
Gold 143         SH  0     Dex 15      Spells:  2 memorised,  5 levels left

Res.Fire  : + . .   See Invis. : .   j - +2,+0 elf short sword
Res.Cold  : + . .   Warding    : .   a - +0 elf robe
Life Prot.: . . .   Conserve   : .   (no shield)
Res.Poison: +       Res.Corr.  : .   (no helmet)
Res.Elec. : +       Clarity    : .   (no cloak)
Sust.Abil.: . .     Spirit.Shd : .   (no gloves)
Res.Mut.  : .       Stasis     : .   (no boots)
Res.Rott. : .       Flight     : .   (no amulet)
Saprovore : . . .                    (no ring)
                                     (no ring)

@: slightly resistant to hostile enchantments, fairly stealthy
A: no striking features
a: no special abilities


You were on level 3 of the Dungeon.
You were very hungry.

You visited 1 branch of the dungeon, and saw 3 of its levels.

You collected 123 gold pieces.

Inventory:

Hand weapons
 j - a +2,+0 elven short sword (weapon)
Missiles
 g - 57 darts
 l - 2 darts of frost (quivered)
Armour
 a - a +0 elven robe (worn)
Magical devices
 o - a wand of slowing (18)
Comestibles
 c - 5 bread rations
 m - 2 apples
Scrolls
 e - 2 scrolls of teleportation
 k - a scroll of remove curse {unknown}
Potions
 h - 3 potions of curing {unknown}
Books
 b - a book of Frost

   Spells                             Type                      Level
   *Freeze                            Ice                          1
   *Throw Frost                       Conjuration/Ice              2
   Ozocubu's Armour                   Charms/Ice                   3
   Throw Icicle                       Conjuration/Ice              4
   Summon Ice Beast                   Ice/Summoning                4
   Condensation Shield                Ice                          4


   Skills:
 - Level 2.4 Dodging
 - Level 2.4 Stealth
 + Level 2.5 Spellcasting
 * Level 2.6 Conjurations
 + Level 4.5 Ice Magic


You had 5 spell levels left.
You knew the following spells:

 Your Spells              Type           Power        Failure   Level  Hunger
a - Freeze                Ice            ###.         2%          1    None
b - Throw Frost           Conj/Ice       ###...       6%          2    ##.....


Dungeon Overview and Level Annotations

Branches:
Dungeon (3/27)

Altars:
Cheibriados

Annotations
D:3 Kae's ghost, average DrIE


Message History

Casting: Freeze
Confirm with . or Enter, or press ? or * to list all spells.
Aiming: Freeze
Press: ? - help, Shift-Dir - straight line, f - orc
Aim: an orc wearing an orcish ring mail You freeze the orc.
The orc is almost dead.
The orc hits you with an orcish hand axe.
Casting: Freeze
Confirm with . or Enter, or press ? or * to list all spells.
Aiming: Freeze
Press: ? - help, Shift-Dir - straight line, f/p - orc
Aim: an orc wearing an orcish ring mail (almost dead)
You freeze the orc.
You kill the orc!
The orc hits you with an orcish hand axe!
* * * LOW HITPOINT WARNING * * *
The orc priest calls down the wrath of Beogh upon you.
Something smites you!
You die...

#########
...#######.@[o...#
..........o##.......
...######..# ##.##
#...o....#
##.##.##.# #.# # #..
####


You could see an orc priest and an orc.

Vanquished Creatures
  Terence (D:2)
  An adder (D:2)
  A giant mite (D:2)
  4 orcs
  A ball python (D:2)
  7 bats
  6 goblins
  6 hobgoblins
  10 kobolds
  3 giant cockroaches
  A giant gecko (D:1)
  A giant newt (D:2)
  3 rats
45 creatures vanquished.

Notes
Turn   | Place    | Note
--------------------------------------------------------------
     0 | D:1      | Kae, the Deep Elf Ice Elementalist, began the quest for the Orb.
     0 | D:1      | Reached XP level 1. HP: 10/10 MP: 4/4
   295 | D:1      | Reached XP level 2. HP: 13/15 MP: 4/6
   299 | D:1      | Learned a level 2 spell: Throw Frost
   443 | D:1      | Reached skill level 4 in Ice Magic
   926 | D:2      | Reached XP level 3. HP: 16/19 MP: 6/9
   946 | D:2      | Found a snail-covered altar of Cheibriados.
  1079 | D:2      | Noticed Terence
  1499 | D:2      | Killed Terence
  1499 | D:2      | Reached XP level 4. HP: 16/24 MP: 5/12
  1553 | D:3      | Noticed Kae's ghost (average DrIE)
  1570 | D:3      | HP: 1/24 [orc/orcish hand axe (9)]
  1570 | D:3      | Killed from afar by an orc priest

Action                   |  1- 3 |  4- 6 || total
-------------------------+-------+-------++-------
Melee: Unarmed           |     3 |       ||     3
       Short sword       |     9 |       ||     9
 Cast: Freeze            |    58 |     7 ||    65
       Throw Frost       |     1 |       ||     1
  Use: Scroll            |       |     4 ||     4
       Potion            |       |     2 ||     2
